 Dungeon Crawl Stone Soup version 0.31-a0-981-geadf994542 (webtiles) character file.

Game seed: 9788433227822081884

3061 Strat the Grappler (level 9, -1/64 HPs)
             Began as a Pale Draconian Shapeshifter on Oct 31, 2023.
             Was an Initiate of Nemelex Xobeh.
             Slain by a red devil
             ... wielding a +0 spear
              (4 damage)
             ... on level 8 of the Dungeon.
             The game lasted 00:14:47 (7783 turns).

Strat the Grappler (Pale Draconian Shapeshifter)    Turns: 7783, Time: 00:14:47

Health: -1/64      AC:  7    Str: 23 (26) XL:     9   Next: 57%
Magic:  9/9        EV: 16    Int:  7 (10) God:    Nemelex Xobeh [......]
Gold:   339        SH:  3    Dex: 11 (12) Spells: 8/8 levels left

rFire   . .          .
                       - Unarmed
rCold   . . .        i - +0 buckler
rNeg    . . .        (body armour unavailable)
rPois   .            (helmet currently unavailable)
rElec   .            (cloak currently unavailable)
rCorr   .            (gloves currently unavailable)
SInv    .            (boots currently unavailable)
Will    +....        y - amulet of the acrobat
Stlth   +            e - +5 ring of evasion
HPRegen 0.30/turn    w - +6 ring of strength
MPRegen 0.11/turn

%: acrobat
@: beast-form, spiked, enlightened, flying
A: beast (slay +4), breathe steam, AC +7, unfitting armour, cold-blooded, steam
resistance
a: Breathe Steam, Begin Untransformation, Renounce Religion, Draw Escape, Draw
Destruction, Draw Summoning


You were on level 8 of the Dungeon.
You worshipped Nemelex Xobeh.
Nemelex Xobeh was noncommittal.
You were a hulking beast.
You visited 2 branches of the dungeon, and saw 10 of its levels.

You collected 429 gold pieces.
You spent 90 gold pieces at shops.

Inventory:

Missiles
 l - a throwing net
Armour
 d - a +0 cloak
 i - a +0 buckler (worn)
 j - a +0 pair of boots
Jewellery
 e - a +5 ring of evasion (left hand)
 w - a +6 ring of strength (right hand)
 y - an amulet of the acrobat (around neck)
Talismans
 b - a beast talisman
 c - a flux talisman
 g - a maw talisman
Scrolls
 h - 2 scrolls of poison
 r - 3 scrolls of revelation
 s - 2 scrolls of fog
 t - a scroll of enchant weapon
 x - 3 scrolls of vulnerability
Potions
 a - 2 potions of lignification
 k - a potion of cancellation {unknown}
 m - a potion of magic {unknown}
 n - 3 potions of brilliance
 o - a potion of berserk rage {unknown}
 p - a potion of ambrosia
 v - a potion of might {unknown}
 z - a potion of attraction {unknown}


   Skills:
 - Level 1.1 Fighting
 - Level 1.7 Dodging
 - Level 10.0 Unarmed Combat
 + Level 9.3 Shapeshifting


You had 8 spell levels left.
You didn't know any spells.
Your spell library contained the following spells:

 Spells                   Type           Power      Damage    Failure   Level
 Kiss of Death            Conj/Necr      0%         2d5       50%         1
 Confusing Touch          Hex            0%         N/A       86%         3
 Dazzling Flash           Conj/Hex       0%         N/A       86%         3
 Volatile Blastmotes      Fire/Tloc      0%         2d10      86%         3
 Dispel Undead            Necr           0%         3d6       99%         4
 Starburst                Conj/Fire      0%         6d3       100%        6
 Maxwell's Capacitive Co  Air            0%         ∞         100%        8


Dungeon Overview and Level Annotations

Branches:
Dungeon (9/15)             Temple (1/1) D:7            Lair (0/5) D:9
    Orc: D:9-12

Altars:
Ashenzari
Cheibriados
Dithmenos
Elyvilon
Fedhas
Gozag
Hepliaklqana
Kikubaaqudgha
Nemelex Xobeh
Okawaru
Ru
Sif Muna
Trog
Uskayaw
Vehumet
Wu Jian
Xom
Yredelemnul
Zin
The Shining One

Shops:
D:4 ?

Annotations:
D:5 2 transporters
D:8 Gastronok


Innate Abilities, Weirdness & Mutations

You are a hulking beast.
Your limbs bulge with bestial killing power. (Slay +4)
You can breathe blasts of scalding, opaque steam.
Your pale cyan-grey scales are hard. (AC +7)
You cannot fit into any form of body armour.
You are cold-blooded and may be slowed by cold attacks.
You are immune to the effects of steam.


Message History

The red devil is almost dead.
The red devil barely misses you. The red devil misses you.
You miss the red devil. You tail-slap the red devil.
You kill the red devil!
You have got your breath back.
The red devil closely misses you.
Training target 10.0 for Unarmed Combat reached!
Your Unarmed Combat skill increases to level 10!
The barbed spikes dig painfully into your body as you move.
* * * LOW HITPOINT WARNING * * *
The red devil attacks as it pursues you!
The red devil barely misses you.
Things that are here:
a +0 spear; 5 boomerangs; 12 gold pieces The barbed spikes dig painfully into your body as you move.
* * * LOW HITPOINT WARNING * * *
The red devil hits you with a +0 spear.
* * * LOW HITPOINT WARNING * * *
Barbed spikes become lodged in your body.
You nearly stumble into some lava!
The red devil hits you with a +0 spear!
* * * LOW HITPOINT WARNING * * *
Barbed spikes become lodged in your body.
You bump into the metal wall.
The red devil completely misses you.
You barely miss the red devil.
You feel less invigorated.
You feel less confused. The red devil hits you with a +0 spear!
* * * LOW HITPOINT WARNING * * *
Barbed spikes become lodged in your body.
You completely miss the red devil.
You tail-slap the red devil, but do no damage.
The red devil misses you.
It was a potion of degeneration.
There was something very wrong with that liquid.
You feel weakened.
You feel dopey.
You feel clumsy. The red devil closely misses you.
It was a potion of enlightenment.
You feel very buoyant.
You fly up into the air.
The red devil hits you with a +0 spear.
You die...
Your body disappears without a glow.

.# .# # .# #. .#
.#.#####.#
.........###### #
#.#.§.§....... #
#.#.§§4#.#.≈4.
############.#.§h§# #
[
..........##.#.).##.##
.....####......###...#
####.# ###...........
## #)# #.....###...#
.# #.# ##......##.## #
.# #.# ##...≈..#.# ≈.#
.# #.# #...≈≈.#.#.≈≈.#
.###.# #.#...........#


You could see a red devil.

Vanquished Creatures
  Maggie (D:7)
  2 red devils (D:8)
  Grum (D:8)
  An ice beast (D:8)
  An orc warrior (D:8)
  A black bear (D:8)
  2 wolves (D:8)
  An ogre (D:6)
  A centaur (D:9)
  A kobold brigand (D:8)
  2 gnoll sergeants
  7 killer bees
  2 howler monkeys (D:7)
  A hound (D:6)
  A jelly (D:5)
  Crazy Yiuf (D:3)
  5 orc priests
  5 iguanas
  2 sleepcaps
  Jessica (D:2)
  7 orc wizards
  14 adders
  18 gnolls
  A white imp (D:6)
  2 worms (D:3)
  4 dart slugs
  23 orcs
  2 bats
  3 endoplasms
  A giant cockroach (D:1)
  6 goblins
  8 hobgoblins
  8 jackals
  14 kobolds
  3 quokkas
  5 ball pythons
  5 frilled lizards
  2 rats (D:2)
165 creatures vanquished.

Notes
Turn   | Place    | Note
-------+----------+-------------------------------------------
     0 | D:1      | Strat the Draconian Shapeshifter began the quest for the
                  | Orb.
     0 | D:1      | Reached XP level 1. HP: 16/16 MP: 1/1
   113 | D:1      | Reached XP level 2. HP: 9/23 MP: 2/2
   516 | D:1      | Found a faded altar of an unknown god.
   728 | D:1      | Reached XP level 3. HP: 13/28 MP: 3/3
   981 | D:2      | Noticed Jessica
   987 | D:2      | Killed Jessica
   988 | D:2      | Reached skill level 4 in Unarmed Combat
   988 | D:2      | Reached XP level 4. HP: 35/35 MP: 4/4
  1314 | D:2      | Reached XP level 5. HP: 33/40 MP: 5/5
  1929 | D:3      | Found a faded altar of an unknown god.
  1933 | D:3      | Found a sacrificial altar of Ru.
  2159 | D:3      | Found a runed translucent door.
  2160 | D:3      | Noticed Crazy Yiuf
  2279 | D:3      | Killed Crazy Yiuf
  2280 | D:3      | Reached skill level 5 in Unarmed Combat
  2464 | D:4      | Found a shimmering altar of Xom.
  2690 | D:4      | Found Tolysuw's Magic Scroll Boutique.
  2708 | D:4      | Bought a scroll of revelation for 90 gold pieces
  2956 | D:5      | Entered Level 5 of the Dungeon
  2961 | D:5      | Reached XP level 6. HP: 45/47 MP: 6/6
  3073 | D:5      | Reached skill level 5 in Shapeshifting
  3541 | D:5      | Reached skill level 6 in Unarmed Combat
  3541 | D:5      | Your scales start taking on a pale cyan-grey colour.
  3541 | D:5      | Reached XP level 7. HP: 48/52 MP: 7/7
  3541 | D:5      | Gained mutation: You are immune to the effects of steam.
                  | [Pale Draconian growth]
  3647 | D:5      | Found a transporter.
  3669 | D:5      | Found a transporter.
  4977 | D:6      | Reached skill level 7 in Unarmed Combat
  5212 | D:7      | Identified the "Mioklel"
  5245 | D:7      | You fall into a shaft and drop 2 floors!
  5351 | D:9      | Found a staircase to the Lair.
  5384 | D:9      | Reached XP level 8. HP: 57/59 MP: 8/8
  5551 | D:8      | Found a shadowy altar of Dithmenos.
  5570 | D:8      | Noticed Grum
  5594 | D:8      | Killed Grum
  5935 | D:8      | Noticed Gastronok
  6001 | D:8      | Reached skill level 8 in Unarmed Combat
  6209 | D:7      | Found a shimmering blue altar of Sif Muna.
  6363 | D:7      | Noticed Maggie
  6376 | D:7      | Killed Maggie
  6532 | D:7      | Found a staircase to the Ecumenical Temple.
  6545 | Temple   | Entered the Ecumenical Temple
  6556 | Temple   | Became a worshipper of Nemelex Xobeh the Trickster
  6609 | D:7      | Found a radiant altar of Vehumet.
  6625 | D:7      | Found a snail-covered altar of Cheibriados.
  6636 | D:7      | Reached XP level 9. HP: 57/64 MP: 9/9
  6752 | D:7      | Reached skill level 9 in Unarmed Combat
  6837 | D:7      | Found a blossoming altar of Fedhas.
  7428 | D:8      | Noticed a red devil
  7591 | D:8      | Killed a red devil
  7701 | D:8      | Noticed a red devil
  7749 | D:8      | Noticed a red devil
  7775 | D:8      | Killed a red devil
  7776 | D:8      | Reached skill level 10 in Unarmed Combat
  7780 | D:8      | HP: 2/64 [red devil/+0 spear (17)]
  7783 | D:8      | Slain by a red devil

Illustrated notes

Levels and vault maps discovered:
D:1:      saegor_arrival_miasma, layout_basic, shapermc_ecumenical_altar_pompeii
D:2:      layout_rooms, uniq_jessica
D:3:      layout_loops_cross, nicolae_overflow_ecumenical_swirl,
          uniq_crazy_yiuf_cottage
D:4:      layout_basic, xom_teletrap_fun, serial_shops, shop
D:5:      gammafunk_wand_slinger, layout_basic
D:6:      layout_basic, nicolae_half_adder
D:7:      dreamdust_elfheim, layout_loops_ring, grunt_temple_overflow_open,
          led_sif_book, mainiacjoe_overflow_boulevard, temple_hall,
          hangedman_abyss_or_decor_jellyfish_corner, uniq_maggie
D:8:      layout_loops_corners, mainiacjoe_overflow_alcove_4,
          nicolae_dithmenos_shadow_blocks, einodemon_armed_red_devil_minivault,
          uniq_gastronok, uniq_grum, uniq_maurice
D:9:      layout_big_octagon, lair_entry_dummy, serial_park,
          serial_park_tiny_pond, serial_park_tiny_1, serial_park_tiny_2,
          serial_park_avenue1, serial_park_square3
          [serial_park_minivault_5x5_7], hangedman_decor_peaks_small
Temple:   nicolae_temple_figure_eight

Skill      XL: |  1  2  3  4  5  6  7  8  9 |
---------------+----------------------------+-----
Unarmed Combat | 4 5 6 7 8 10 | 10.0
Shapeshifting  | 4 5 6 8 9 |  9.3
Fighting       | |  1.1
Dodging        | |  1.7

Action                     |  1- 3 |  4- 6 |  7- 9 || total
---------------------------+-------+-------+-------++-------
  Melee: Unarmed           |    95 |   207 |   258 ||   560
         Tailslap          |     9 |    20 |    41 ||    70
         Punch             |     1 |     2 |    15 ||    18
Ability: Breathe Steam     |       |       |     7 ||     7
    Use: Scroll            |       |     8 |     4 ||    12
         Potion            |       |     2 |     4 ||     6
   Stab: Sleeping          |     1 |     1 |       ||     2
         Invisible         |       |     4 |       ||     4
 Armour: Skin              |    54 |    57 |   127 ||   238
  Dodge: Dodged            |    76 |   128 |   236 ||   440
  Block: Buckler           |       |       |     1 ||     1

Table legend: (Time is in decaauts)
 A = Elapsed time spent in this place.
 B = Non-inter-level travel time spent in this place.
 C = Inter-level travel time spent in this place.
 D = Time resting spent in this place.
 E = Time spent auto-exploring this place.
 F = Levels seen in this place.
 G = Mean time per level.
                   A        B        C        D        E       F      G
               +--------+--------+--------+--------+--------+-----+--------+
         Total |   7726 |   7318 |    408 |   1076 |   4466 |  10 |  772.6 |
       Dungeon |   7706 |   7312 |    394 |   1076 |   4466 |   9 |  856.2 |
        Temple |     20 |      6 |     14 |      0 |      0 |   1 |   20.0 |
               +--------+--------+--------+--------+--------+-----+--------+

Top non-repeatable levels by time:
     D:8: 1143 daAuts
     D:6: 1129 daAuts
     D:7: 1124 daAuts
     D:5: 1072 daAuts
     D:3: 1064 daAuts
     D:1: 793 daAuts
     D:4: 575 daAuts
     D:2: 548 daAuts
     D:9: 256 daAuts
  Temple: 20 daAuts
